 Dungeon Sprint DCSS version 0.18.1-50-g88ac8fd (webtiles) character file.

432 varam the Grappler (level 6, -1/68 HPs)
             Began as a Troll Berserker on Oct 10, 2016.
             Was a Priest of Trog.
             Slain by Sonja
             ... wielding a +0 short sword of distortion
              (11 damage)
             ... in the Dungeon (Sprint I: "Red Sonja").
             The game lasted 00:01:38 (467 turns).

varam the Grappler (Troll Berserker)                 Turns: 467, Time: 00:01:38

Health: -1/68      AC:  5    Str: 26    XL:     6   Next: 67%
Magic:  5/5        EV: 12    Int:  3    God:    Trog [***...]
Gold:   327        SH:  0    Dex: 11    Spells: 0 memorised, 5 levels left

rFire  . . .     SeeInvis .       - Unarmed
rCold  . . .     Gourm    +     a - +0 animal skin
rNeg   . . .     Faith    .     (no shield)
rPois  .         Spirit   .     (helmet restricted)
rElec  .         Dismiss  .     (no cloak)
rCorr  .         Reflect  .     (gloves unavailable)
SustAt .         Harm     .     (boots unavailable)
MR     .....     NoTele   +     (no amulet)
Stlth  +.........               (no ring)
                                (no ring)

@: lethally poisoned (-1 -> -4), exhausted, slowed, very slow, not resistant to
hostile enchantments, very unstealthy
A: unfitting armour, claws 3, fast metabolism 3, gourmand, regeneration 2,
shaggy fur 1, tough skin 2
a: Berserk, Trog's Hand, Burn Spellbooks, Renounce Religion


You were in the Dungeon.
You worshipped Trog.
Trog was most pleased with you.
You were very full.

You visited 1 branch You collected 327 gold pieces.

Inventory:

Armour
 a - a +0 animal skin (worn)
Wands
 i - a wand of flame (11/48)
Scrolls
 h - a scroll of blinking
Potions
 c - a potion of curing
 d - a potion of heal wounds
 e - a potion of haste
 f - 2 potions of magic
 g - a potion of berserk rage
Comestibles
 b - a bread ration


   Skills:
 + Level 6.5 Fighting
 + Level 6.5 Dodging
 * Level 10.6 Unarmed Combat


You had 5 spell levels left.
You didn't know any spells.

Dungeon Overview and Level Annotations

Branches:
Dungeon (1/1)

Altars:
Elyvilon
Gozag
Kikubaaqudgha
Makhleb
Nemelex Xobeh
Okawaru
Pakellas
Qazlal
Ru
Sif Muna
Trog
Vehumet
Xom
Yredelemnul
Zin
The Shining One

Shops:
D (

Annotations:
D Sonja


Innate Abilities, Weirdness & Mutations

You are too large for most types of armour.
You have claws for hands.
Your metabolism is lightning-fast.
You like to eat raw meat.
You heal very quickly.
You are covered in fur (AC +1).
You have very tough skin (AC +2).


Message History

Sonja unwields an uncursed short sword of distortion.
Its appearance distorts for a moment.
Sonja wields an uncursed blowgun.
Sonja shoots a curare-tipped needle.
The curare-tipped needle hits you.
You are more poisoned.
You have difficulty breathing.
You feel as though you will be slow longer.
You see here 2 curare-tipped needles.
You feel very sick.
There is an open door, spattered with blood here.
You feel sick.
You feel sick.
You feel sick.
Sonja unwields an uncursed blowgun.
Sonja wields an uncursed short sword of distortion.
Its appearance distorts for a moment.
Sonja hits you with an uncursed short sword of distortion!
* * * LOW HITPOINT WARNING * * *
Space bends around you.
* * * LOW HITPOINT WARNING * * *
Sonja hits you but does no damage. Space warps horribly around you!
You die...

################
#<.#..').#..'..#
#..[..#..').#..+
#..#####'#####'#
#..####..#.((#.#
#..#__####@(##.#
#..#_.§__##K#..+
#⌠⌠#_.∩...(((._#
####_..._##_.#+#
#___K_###'#
####### #.# $.$
$.$# ##.##


You could see Sonja.

Vanquished Creatures
  Sigmund (D)
  A yak (D)
  An ogre (D)
  A jelly (D)
  Ijyb (D)
5 creatures vanquished.

Vanquished Creatures (others)
  2 wasps (D)
2 creatures vanquished.

Grand Total: 7 creatures vanquished

Notes
Turn   | Place    | Note
--------------------------------------------------------------
     0 | D        | varam the Troll Berserker began the quest for the Orb.
     0 | D        | Reached XP level 1. HP: 22/22 MP: 0/0
     1 | D        | Noticed Ijyb
     6 | D        | Killed Ijyb
     6 | D        | Reached skill level 5 in Unarmed Combat
     6 | D        | Reached XP level 2. HP: 31/31 MP: 1/1
   154 | D        | Noticed an ogre
   157 | D        | Killed an ogre
   157 | D        | Reached ** piety under Trog
   157 | D        | Reached skill level 7 in Unarmed Combat
   157 | D        | Reached XP level 3. HP: 40/40 MP: 2/2
   157 | D        | Reached XP level 4. HP: 49/49 MP: 3/3
   168 | D        | Noticed Sigmund
   176 | D        | Killed Sigmund
   176 | D        | Reached skill level 5 in Fighting
   176 | D        | Reached skill level 5 in Dodging
   176 | D        | Reached skill level 9 in Unarmed Combat
   176 | D        | Reached XP level 5. HP: 59/59 MP: 4/4
   200 | D        | Found a deep blue altar of Sif Muna.
   202 | D        | Found a radiant altar of Vehumet.
   205 | D        | Reached XP level 6. HP: 61/67 MP: 5/5
   318 | D        | Found Rubikoap's Weapon Emporium.
   318 | D        | Found a white marble altar of Elyvilon.
   318 | D        | Found a stormy altar of Qazlal.
   318 | D        | Found a burning altar of Makhleb.
   318 | D        | Found a sacrificial altar of Ru.
   318 | D        | Found an oddly glowing altar of Pakellas.
   318 | D        | Found a basalt altar of Yredelemnul.
   318 | D        | Found a glowing golden altar of the Shining One.
   318 | D        | Found a sparkling altar of Nemelex Xobeh.
   318 | D        | Found a shimmering altar of Xom.
   318 | D        | Found an opulent altar of Gozag.
   318 | D        | Found an ancient bone altar of Kikubaaqudgha.
   318 | D        | Found a glowing silver altar of Zin.
   318 | D        | Noticed a yak
   319 | D        | Found an iron altar of Okawaru.
   321 | D        | Killed a yak
   321 | D        | Reached *** piety under Trog
   321 | D        | Reached skill level 10 in Unarmed Combat
   322 | D        | Found a bloodstained altar of Trog.
   448 | D        | Noticed Sonja
   467 | D        | Slain by Sonja

Skill      XL: |  1  2  3  4  5  6 |
---------------+-------------------+-----
Fighting       | 3 4 5 6 |  6.5
Dodging        | 3 4 5 6 |  6.5
Unarmed Combat | 5 7 9 10 | 10.6

Action                   |  1- 3 |  4- 6 || total
-------------------------+-------+-------++-------
Melee: Unarmed           |     6 |    10 ||    16
Invok: Berserk           |     1 |     2 ||     3
 Stab: Sleeping          |       |     1 ||     1
  Eat: Chunk             |     3 |     4 ||     7
       Bread ration      |       |     1 ||     1
Armor: Animal skin       |       |     2 ||     2
Dodge: Dodged            |     1 |     8 ||     9
